 Dungeon Crawl Stone Soup version 0.23.2 (webtiles) character file.

Game seed: 15074581601501860763

590 Fang the Skirmisher (level 7, -1/44 HPs)
             Began as a Gargoyle Berserker on Apr 9, 2019.
             Was a Priest of Trog.
             Slain by Prince Ribbit (7 damage)
             ... on level 5 of the Dungeon.
             The game lasted 00:03:59 (4274 turns).

Fang the Skirmisher (Gargoyle Berserker)            Turns: 4274, Time: 00:04:00

Health: -1/44      AC:  7    Str: 23    XL:     7   Next: 38%
Magic:  0/7        EV: 13    Int: 11    God:    Trog [***...]
Gold:   350        SH:  0    Dex:  9    Spells: 6/6 levels left

rFire    . . .     SeeInvis .   a - +0 hand axe
rCold    . . .     Gourm    +   (no shield)
rNeg     + . .     Faith    .   b - +0 animal skin
rPois    ∞         Spirit   +   (no helmet)
rElec    +         Reflect  .   g - scarf {Spirit}
rCorr    .         Harm     .   (no gloves)
MR       .....                  (no boots)
Stlth    +.........             k - amulet of the gourmand
HPRegen  0.14/turn              (no ring)
MPRegen  0.10/turn              o - +4 ring of intelligence

@: berserk cooldown, slowed, very slow
A: negative energy resistance 1, electricity resistance, unbreathing,
petrification resistance, rot immunity, AC +4
a: Berserk, Trog's Hand, Renounce Religion


You were on level 5 of the Dungeon.
You worshipped Trog.
Trog was most pleased with you.
You were very full.

You visited 2 branches of the dungeon, and saw 6 of its levels.

You collected 350 gold pieces.

Inventory:

Hand Weapons
 a - a +0 hand axe (weapon)
Armour
 b - a +0 animal skin (worn)
 g - a scarf of spirit shield (worn)
Jewellery
 k - an amulet of the gourmand (around neck)
 o - a +4 ring of intelligence (right hand)
Scrolls
 e - 6 scrolls of identify {unknown}
 f - a scroll of enchant weapon {unknown}
 h - 3 scrolls of random uselessness {unknown}
 q - a scroll of remove curse {unknown}
 s - 2 scrolls of enchant armour {unknown}
 t - a scroll of amnesia {unknown}
 v - a scroll of noise {unknown}
 w - a scroll of teleportation {unknown}
Potions
 d - 4 potions of curing {unknown}
 i - 2 potions of heal wounds {unknown}
 j - a potion of agility {unknown}
 l - a potion of mutation {unknown}
 m - a potion of lignification {unknown}
 n - 2 potions of brilliance {unknown}
 p - 2 potions of haste {unknown}
 r - 2 potions of might
Comestibles
 c - 14 rations
 u - 7 chunks of flesh


   Skills:
 + Level 5.3 Fighting
 + Level 4.3 Axes
 + Level 4.7 Armour
 + Level 3.4 Dodging


You had 6 spell levels left.
You didn't know any spells.
Your spell library was empty.

Dungeon Overview and Level Annotations

Branches:
Dungeon (5/15)             Temple (1/1) D:4

Altars:
Elyvilon
Ru
Sif Muna
Yredelemnul

Annotations:
D:5 Prince Ribbit


Innate Abilities, Weirdness & Mutations

You are resistant to torment.
Your stone body is resilient. (AC +4)
You are immune to poison.
You resist negative energy. (rN+)
You are resistant to electric shocks. (rElec)
You can survive without breathing.
You are immune to petrification.
You are immune to rotting.


Message History

You feel yourself slow down.
Prince Ribbit mumbles some strange words.
Prince Ribbit looks slightly unstable.
You swing at nothing.
Prince Ribbit blinks!
You swing at nothing.
Prince Ribbit disappears!
You swing at nothing.
You swing at nothing.
You swing at nothing.
You swing at nothing.
You swing at nothing.
You swing at nothing.
You swing at nothing.
You swing at nothing.
You swing at nothing.
Prince Ribbit lets out a mournful croak.
You swing at nothing.
You hit Prince Ribbit.
Prince Ribbit mumbles some strange words.
Prince Ribbit looks slightly unstable.
Prince Ribbit hits you!
You die...

..# ### .. .. #.# .#
#.# .###. #.# .... .
..#.#####.##..##.#
#......@F........
########......#
##.....###
#.......######
#.......##...
#.#...#.##.###
#########.##.........#
#.........#####.##.###
#######.#########
#.##.#


You could see Prince Ribbit.

Vanquished Creatures
  2 scorpions (D:4)
  A howler monkey (D:4)
  A bullfrog skeleton (D:5)
  A hound (D:4)
  A jelly (D:3)
  2 orc wizards
  An iguana (D:4)
  5 worker ants (D:4)
  A howler monkey skeleton (D:5)
  4 adders
  An ooze (D:1)
  2 worms
  5 dart slugs
  5 leopard geckos
  10 orcs
  7 giant cockroaches
  11 goblins
  7 hobgoblins
  4 jackals (D:1)
  9 kobolds
  3 quokkas
  2 ball pythons (D:3)
  5 bats
  3 frilled lizards (D:2)
  3 rats
96 creatures vanquished.

Notes
Turn   | Place    | Note
-------+----------+-------------------------------------------
     0 | D:1      | Fang the Gargoyle Berserker began the quest for the Orb.
     0 | D:1      | Reached XP level 1. HP: 14/14 MP: 1/1
   166 | D:1      | Reached XP level 2. HP: 5/19 MP: 2/2
   905 | D:1      | Reached XP level 3. HP: 14/23 MP: 1/3
   918 | D:1      | Reached ** piety under Trog
  1607 | D:2      | Reached XP level 4. HP: 29/29 MP: 4/4
  1885 | D:3      | Reached skill level 4 in Fighting
  2153 | D:3      | Found a white marble altar of Elyvilon.
  2266 | D:3      | Reached *** piety under Trog
  2435 | D:3      | Reached XP level 5. HP: 32/33 MP: 5/5
  3086 | D:4      | Reached XP level 6. HP: 26/39 MP: 4/6
  3126 | D:4      | Found a staircase to the Ecumenical Temple.
  3143 | Temple   | Entered the Ecumenical Temple
  3399 | D:4      | Reached skill level 5 in Fighting
  3408 | D:4      | Reached XP level 7. HP: 34/44 MP: 5/7
  3620 | D:4      | Found a basalt altar of Yredelemnul.
  3620 | D:4      | Found a deep blue altar of Sif Muna.
  3938 | D:5      | Entered Level 5 of the Dungeon
  4248 | D:5      | Noticed Prince Ribbit
  4274 | D:5      | Slain by Prince Ribbit

Skill      XL: |  1  2  3  4  5  6 |
---------------+-------------------+-----
Axes           | 3 4 |  4.3
Dodging        | 2 3 |  3.4
Armour         | 3 4 |  4.7
Fighting       | 4 5 |  5.3

Action                   |  1- 3 |  4- 6 |  7- 9 || total
-------------------------+-------+-------+-------++-------
Melee: Hand axe          |   102 |   188 |    90 ||   380
Invok: Berserk           |       |     2 |     1 ||     3
  Eat: Chunk             |     2 |    20 |     6 ||    28
Armor: Animal skin       |    49 |    56 |    19 ||   124
Dodge: Dodged            |    79 |   116 |    53 ||   248
